 Dungeon Crawl Stone Soup version 0.23.0 (webtiles) character file.

Game seed: 18298297571556730860

1207 Gorice the Fighter (level 8, -1/75 HPs)
             Began as a Hill Orc Wanderer on Feb 9, 2019.
             Slain by an orc warrior
             ... wielding a +0 war axe
              (17 damage)
             ... on level 6 of the Dungeon.
             The game lasted 00:16:25 (4810 turns).

Gorice the Fighter (Hill Orc Wanderer)              Turns: 4810, Time: 00:16:25

Health: -1/75      AC: 13    Str: 19    XL:     8   Next: 45%
Magic:  8/8        EV:  5    Int: 10    God:
Gold:   294        SH:  3    Dex: 10    Spells: 7/7 levels left

rFire    . . .     SeeInvis .   a - +0 war axe
rCold    . . .     Gourm    .   d - +0 buckler
rNeg     . . .     Faith    .   y - +0 plate armour
rPois    .         Spirit   .   B - +0 helmet
rElec    .         Reflect  .   (no cloak)
rCorr    .         Harm     .   (no gloves)
MR       .....                  (no boots)
Stlth    ..........             (no amulet)
HPRegen  0.22/turn              (no ring)
MPRegen  0.11/turn              (no ring)

@: invisible
A: no striking features
a: no special abilities


You were on level 6 of the Dungeon.
You were very hungry.

You visited 1 branch of the dungeon, and saw 6 of its levels.

You collected 294 gold pieces.

Inventory:

Hand Weapons
 a - a +0 war axe (weapon)
 b - a +3 hand crossbow
 z - a +0 flail
Missiles
 c - 43 bolts
 i - 2 exploding tomahawks
 l - 5 tomahawks (quivered)
 Y - 90 stones
Armour
 d - a +0 buckler (worn)
 y - a +0 plate armour (worn)
 B - a +0 helmet (worn)
Wands
 k - a wand of flame (36)
 m - a wand of polymorph (4)
Scrolls
 e - a scroll of enchant weapon
 g - a scroll of enchant armour
 j - 4 scrolls of remove curse
 s - 3 scrolls of teleportation {!r}
 v - a scroll of amnesia
Potions
 h - 7 potions of curing
 n - a potion of mutation {!q}
 p - a potion of brilliance {!q}
 q - 2 potions of ambrosia
 t - a potion of haste {unknown}
 A - a potion of lignification {unknown}
Comestibles
 f - 6 rations


   Skills:
 - Level 8.5 Fighting
 * Level 7.3(7.5) Axes
 - Level 2.1(4.4) Maces & Flails
 - Level 1.0 Crossbows
 + Level 6.0 Armour
 - Level 1.1 Shields
 - Level 1.0 Evocations


You had 7 spell levels left.
You didn't know any spells.
Your spell library contained the following spells:

 Spells                   Type           Power        Failure   Level  Hunger
 Animate Skeleton         Necr           N/A          100%        1    ##.....
 Pain                     Necr           #...         100%        1    ##.....
 Regeneration             Chrm/Necr      #.........   100%        3    ####...
 Vampiric Draining        Necr           #.........   100%        3    ####...
 Animate Dead             Necr           N/A          100%        4    #####..


Dungeon Overview and Level Annotations

Branches:
Dungeon (6/15)
 Temple: D:4-7

Altars:
Elyvilon


Message History

The orc warrior hits you with a +0 war axe!!
The orc throws a tomahawk of returning.
The tomahawk of returning hits you but does no damage.
Damage: 19 (max 19)
You hit the orc warrior.
The orc warrior is heavily wounded.
The orc warrior hits you with a +0 war axe!
The orc throws a tomahawk of returning.
The tomahawk of returning closely misses you.
Damage: 13 (max 19)
You hit the orc warrior but do no damage.
The orc warrior is heavily wounded.
The orc warrior hits you with a +0 war axe!
The orc throws a tomahawk of returning.
You block the tomahawk of returning.
The weapon returns to the orc!
Damage: 17 (max 19)
Your shield and plate armour prevent you from hitting the orc warrior.
The orc warrior is heavily wounded.
The orc throws a tomahawk of returning.
The tomahawk of returning hits you.
The weapon returns to the orc!
The orc warrior barely misses you.
Your plate armour prevents you from hitting the orc warrior.
The orc warrior is heavily wounded.
The orc throws a tomahawk of returning.
The tomahawk of returning hits you but does no damage.
The weapon returns to the orc!
The orc warrior hits you with a +0 war axe.
* * * LOW HITPOINT WARNING * * *
The orc throws a tomahawk of returning.
You block the tomahawk of returning.
Damage: 6 (max 19)
You block the orc warrior's attack.
Evoke which item? (* to show all) (? for menu, Esc to quit)
Aiming: Throw Flame
Press: ? - help, Shift-Dir - straight line, f/p - orc
Aim: an orc, wielding a +0 hand axe and wearing a +0 ring mail (heavily wounded)
The puff of flame hits the orc warrior.
The orc warrior is severely wounded.
The orc warrior hits you with a +0 war axe!
* * * LOW HITPOINT WARNING * * *
Damage: 14 (max 19) Unknown command.
Really quaff
r - a potion of heal wounds {!q}?
You feel much better. You block the orc's attack.
The orc warrior hits you with a +0 war axe!!
* * * LOW HITPOINT WARNING * * *
Unknown command.
Really quaff
o - a potion of invisibility {!q}?
You fade into invisibility!
The orc hits you but does no damage.
The orc warrior hits you with a +0 war axe!
You die...

...#..# #.................
#...####....^..........##.#
##........#.#..........#
#...#.......###.......##
..#....#..#. ##......#
..##......#..##......##
.#..##.....##........#
....# ...............#
..#... .....##..@....#
....... ... ##.oo##..#
...#..## #.(## #..# ..###..
#.#.. #..# ... #..(# #..
###(# #. #(# ... ### #(.
... ... .(


You could see an orc warrior and an orc.

Vanquished Creatures
  Sigmund (D:4)
  A sky beast (D:6)
  An ice beast (D:6)
  A phantom (D:5)
  2 bullfrogs
  A centaur zombie (D:6)
  A crimson imp (D:6)
  A bullfrog skeleton (D:6)
  3 orc priests
  A hound (D:5)
  2 orc wizards (D:6)
  Jessica (D:2)
  Natasha (thrice) (D:2)
  3 iguanas
  A worker ant (D:5)
  A hound zombie (D:5)
  A worker ant zombie (D:6)
  7 gnolls
  An adder (D:2)
  An ooze (D:1)
  An adder zombie (D:6)
  A worm (D:2)
  A dart slug (D:3)
  3 leopard geckos
  14 orcs
  A ball python (D:4)
  A giant cockroach (D:1)
  4 goblins
  7 hobgoblins
  5 jackals
  A quokka (D:5)
  2 bats (D:2)
  A frilled lizard (D:4)
  A jackal zombie (D:6)
  2 kobolds
  A leopard gecko zombie (D:6)
  A quokka zombie (D:5)
  2 rats
83 creatures vanquished.

Notes
Turn   | Place    | Note
-------+----------+-------------------------------------------
     0 | D:1      | Gorice the Hill Orc Wanderer began the quest for the Orb.
     0 | D:1      | Gorice set off with the following items: a +2 hand
                  | crossbow, 29 bolts, a +0 mace, a +0 buckler, a +0 robe, a
                  | ration
     0 | D:1      | Reached XP level 1. HP: 22/22 MP: 1/1
    40 | D:1      | Reached skill level 5 in Fighting
   130 | D:1      | Reached XP level 2. HP: 24/29 MP: 2/2
   831 | D:2      | Noticed Natasha
   837 | D:2      | Killed Natasha
   837 | D:2      | Reached skill level 6 in Fighting
   837 | D:2      | Reached XP level 3. HP: 25/38 MP: 3/3
   913 | D:2      | Noticed Natasha
   922 | D:2      | Killed Natasha
   922 | D:2      | Reached XP level 4. HP: 27/45 MP: 4/4
   947 | D:2      | Noticed Natasha
   981 | D:2      | Killed Natasha
   981 | D:2      | Reached skill level 7 in Fighting
  1262 | D:2      | Reached XP level 5. HP: 32/52 MP: 5/5
  1450 | D:2      | Noticed Jessica
  1452 | D:2      | Killed Jessica
  1755 | D:3      | HP: 14/52 [iguana (8)]
  1757 | D:3      | Reached skill level 2 in Armour
  1982 | D:3      | Found a white marble altar of Elyvilon.
  2929 | D:4      | Reached XP level 6. HP: 56/61 MP: 6/6
  2949 | D:4      | Noticed Sigmund
  2954 | D:4      | Killed Sigmund
  2954 | D:4      | Reached skill level 8 in Fighting
  2954 | D:4      | Reached skill level 3 in Armour
  2989 | D:4      | Reached skill level 4 in Armour
  3513 | D:5      | Entered Level 5 of the Dungeon
  3594 | D:5      | Reached skill level 1 in Axes
  3594 | D:5      | Reached XP level 7. HP: 64/69 MP: 7/7
  3632 | D:5      | Reached skill level 2 in Axes
  3887 | D:5      | Reached skill level 3 in Axes
  4182 | D:5      | Reached skill level 4 in Axes
  4265 | D:6      | Reached skill level 5 in Axes
  4265 | D:6      | Reached skill level 5 in Armour
  4480 | D:6      | Reached XP level 8. HP: 62/75 MP: 8/8
  4550 | D:6      | Reached skill level 6 in Axes
  4784 | D:6      | Reached skill level 7 in Axes
  4792 | D:6      | Reached skill level 6 in Armour
  4806 | D:6      | HP: 20/75 [orc warrior/+0 war axe (6)]
  4808 | D:6      | HP: 6/75 [orc warrior/+0 war axe (14)]
  4810 | D:6      | Slain by an orc warrior

Skill      XL: |  1  2  3  4  5  6  7  8 |
---------------+-------------------------+-----
Fighting       | 5 6 7 8 |  8.5
Armour         | 2 4 5 6 |  6.0
Axes           | 1 5 7 |  7.3
Maces & Flails | |  2.1
Crossbows      | |  1.0
Shields        | |  1.1
Evocations     | |  1.0

Action                   |  1- 3 |  4- 6 |  7- 9 || total
-------------------------+-------+-------+-------++-------
Melee: Mace              |    19 |    51 |       ||    70
       War axe           |       |    11 |   162 ||   173
 Fire: Hand crossbow     |    25 |    45 |    26 ||    96
Evoke: Wand              |       |       |     1 ||     1
  Use: Scroll            |     5 |     9 |     3 ||    17
       Potion            |       |       |     2 ||     2
  Eat: Chunk             |       |     5 |     3 ||     8
       Ration            |       |     1 |       ||     1
Armor: Ring mail         |     8 |    40 |       ||    48
       Chain mail        |       |    20 |    24 ||    44
       Plate armour      |       |       |   123 ||   123
Dodge: Dodged            |    11 |    41 |    53 ||   105
Block: Buckler           |     1 |    14 |    29 ||    44

Table legend:
 A = Turns spent in this place as a percentage of turns spent in the entire game.
 B = Non-inter-level travel turns spent in this place as a percentage of non-inter-level travel turns spent in the entire game.
 C = Inter-level travel turns spent in this place as a percentage of turns spent in this place.
 D = Turns resting spent in this place as a percentage of non-inter-level travel turns spent in this place.
 E = Turns spent auto-exploring this place as a percentage of non-inter-level travel turns spent in this place.
 F = Non-inter-level travel turns spent in this place divided by the number of levels of this place that you've seen.
                   A       B       C       D       E      F
               +-------+-------+-------+-------+-------+----------------------
         Total | 100.0 | 100.0 |   3.3 |  16.2 |  57.5 | 775.3
       Dungeon | 100.0 | 100.0 |   3.3 |  16.2 |  57.5 | 775.3
               +-------+-------+-------+-------+-------+----------------------

Levels and vault maps discovered:
D:1:      dpeg_arrival_renting, layout_basic, minivault_11,
          minmay_misc_feat_rows
D:2:      layout_rooms, uniq_jessica, uniq_natasha
D:3:      layout_loops_cross, first_ration, chequers_big_river,
          kennysheep_another_room, elyvilon_altar_1
D:4:      layout_basic, uniq_sigmund
D:5:      layout_loops_cross
D:6:      layout_layer_cave, uniq_edmund
